 Dungeon Crawl Stone Soup version 0.29.1-2-gbd0b4ee654 (webtiles) character file.

Game seed: 15725045241669734827

67 scameronde the Trooper (level 4, -3/36 HPs)
             Began as a Human Berserker on Oct 25, 2022.
             Was a Believer of Trog.
             Slain by a gnoll
             ... wielding a +0 halberd
              (4 damage)
             ... on level 3 of the Dungeon on Oct 27, 2022.
             The game lasted 00:31:57 (2248 turns).

scameronde the Trooper (Human Berserker)            Turns: 2248, Time: 00:31:57

Health: -3/36      AC: 11    Str: 25    XL:     4   Next: 38%
Magic:  4/4        EV:  9    Int:  7    God:    Trog [**....]
Gold:   75         SH:  0    Dex: 13    Spells: 3/3 levels left

rFire   . . .      SeeInvis .   a - +0 mace
rCold   . . .      Faith    .   (no shield)
rNeg    . . .      Spirit   .   f - +2 chain mail
rPois   .          Reflect  .   (no helmet)
rElec   .          Harm     .   (no cloak)
rCorr   +          Rampage  .   i - +0 pair of gloves
Will    .....      Clarity  +   (no boots)
Stlth   ..........              (no amulet)
HPRegen 0.12/turn               d - +6 ring of strength
MPRegen 0.09/turn               e - ring of resist corrosion

@: no status effects
A: camouflage 1, clarity, high MP 1
a: Renounce Religion, Berserk, Trog's Hand


You were on level 3 of the Dungeon.
You worshipped Trog.
Trog was pleased with you.
You visited 1 branch of the dungeon, and saw 3 of its levels.

You collected 75 gold pieces.

Inventory:

Hand Weapons
 a - a +0 mace (weapon)
 k - a +0 sling
 m - a +5 dagger of protection
 n - a +0 long sword
Missiles
 c - 3 stones (quivered)
 h - 7 poisoned darts
Armour
 b - a +0 animal skin
 f - a +2 chain mail (worn)
 i - a +0 pair of gloves (worn)
Jewellery
 d - a +6 ring of strength (left hand)
 e - a ring of resist corrosion (right hand)
 j - an amulet of faith
Potions
 g - a potion of attraction
 l - 2 potions of berserk rage {unknown}


   Skills:
 + Level 3.6 Fighting
 + Level 3.5 Maces & Flails
 + Level 1.2 Throwing
 + Level 2.1 Armour
 + Level 2.6 Dodging


You had 3 spell levels left.
You didn't know any spells.
Your spell library was empty.

Dungeon Overview and Level Annotations

Branches:
Dungeon (3/15)

Altars:


Innate Abilities, Weirdness & Mutations

Your skin changes colour to match your surroundings (Stealth+).
You possess an exceptional clarity of mind.
You have an increased reservoir of magic. (+10% MP)


Message History

Okay, then.
You now have 75 gold pieces (gained 13).
There is an escape hatch in the ceiling here.
Found a scroll of noise.
A gnoll comes into view. It is wielding a +0 halberd.
The gnoll shouts!
A gnoll comes into view. It is wielding a +0 spear.
The gnoll hits you but does no damage.
The gnoll hits you from afar with a +0 halberd.
A gnoll comes into view. It is wielding a +0 spear.
A gnoll comes into view. It is wielding a +0 spear.
The gnoll shouts! x2
The gnoll hits you from afar with a +0 spear.
The gnoll closely misses you. The gnoll hits you but does no damage.
A giant cockroach comes into view.
The gnoll moves out of view.
You see here a scroll of noise.
You hit the gnoll.
The gnoll is moderately wounded.
The gnoll hits you from afar with a +0 spear!
The gnoll hits you with a +0 halberd! The gnoll hits you but does no damage.
You hit the gnoll.
The gnoll is severely wounded.
The gnoll hits you but does no damage. The gnoll hits you with a +0 halberd.
The gnoll hits you from afar with a +0 spear.
You hit the gnoll.
The gnoll is almost dead.
The gnoll hits you from afar with a +0 spear.
* * * LOW HITPOINT WARNING * * *
The gnoll hits you with a +0 halberd!
* * * LOW HITPOINT WARNING * * *
The gnoll hits you but does no damage.
Okay, then.
Really read the scroll of noise?
Uppercase [Y]es or [N]o only, please.
Really read the scroll of noise?
As you read the scroll of noise, it crumbles to dust.
You hear a loud clanging noise!
You hear a shout! x2
The gnoll hits you but does no damage. The gnoll hits you with a +0 halberd.
You die...

#..<.......#
#.########.#
#.#
#.#############
#.#
#...†.........<
#.#
###############
###.########
#...........
#.#.########.#
#.#...#..@ggg#
# #.#.#.###g.#
###.#.# .#
#.....# #
#######


You could see 4 gnolls.

Vanquished Creatures
  2 adders (D:2)
  A dart slug (D:2)
  2 ball pythons (D:2)
  2 endoplasms
  3 giant cockroaches
  6 goblins
  8 hobgoblins
  3 jackals (D:1)
  7 kobolds
  2 bats
  3 frilled lizards
  A rat (D:2)
40 creatures vanquished.

Notes
Turn   | Place    | Note
-------+----------+-------------------------------------------
     0 | D:1      | scameronde the Human Berserker began the quest for the Orb.
     0 | D:1      | Reached XP level 1. HP: 18/18 MP: 1/1
   183 | D:1      | Reached XP level 2. HP: 19/24 MP: 2/2
   433 | D:1      | Gained mutation: You possess an exceptional clarity of
                  | mind. [potion of mutation]
   433 | D:1      | Gained mutation: You have an increased reservoir of magic.
                  | (+10% MP) [potion of mutation]
   433 | D:1      | Gained mutation: Your skin changes colour to match your
                  | surroundings (Stealth+). [potion of mutation]
   533 | D:1      | You fall into a shaft and drop 1 floor!
   662 | D:2      | Reached XP level 3. HP: 29/29 MP: 3/3
   917 | D:1      | Reached ** piety under Trog
  1007 | D:1      | Found a faded altar of an unknown god.
  1254 | D:2      | Identified the +0 chain mail of Yredelemnul's Anger {Int-3
                  | Dex+8}
  1298 | D:2      | Identified the +3 robe "Fywitz" {Str+2}
  1750 | D:2      | Reached XP level 4. HP: 32/36 MP: 4/4
  1924 | D:2      | Reached skill level 1 in Throwing
  2247 | D:3      | HP: 1/36 [gnoll/+0 halberd (7)]
  2248 | D:3      | Slain by a gnoll

Illustrated notes

Levels and vault maps discovered:
D:1:      dpeg_arrival_castle, layout_loops_ring, basic_ecumenical_altar
D:2:      layout_basic
D:3:      layout_basic, gammafunk_ghost_arena, nrook_loot_triangle

Skill      XL: |  1  2  3  4 |
---------------+-------------+-----
Throwing       | 1 |  1.2
Fighting       | |  3.6
Maces & Flails | |  3.5
Armour         | |  2.1
Dodging        | |  2.6

Action                   |  1- 3 |  4- 6 || total
-------------------------+-------+-------++-------
Melee: Mace              |    87 |    25 ||   112
Throw: Stone             |    23 |     7 ||    30
       Dart              |     5 |       ||     5
Invok: Trog's Hand       |     1 |       ||     1
       Berserk           |       |     1 ||     1
  Use: Scroll            |     7 |     2 ||     9
       Potion            |     2 |       ||     2
 Stab: Sleeping          |     1 |       ||     1
Armor: Animal skin       |     8 |       ||     8
       Chain mail        |    29 |    23 ||    52
Dodge: Dodged            |    43 |    13 ||    56
